Map: 뉴 리퍼그넌시 - 래더

Players

soO

  • Race: Zerg Zerg
  • League: Master
  • Spawn Location: 7:00

OGZest (Zest) - Winner!

  • Race: Protoss Protoss
  • Spawn Location: 1:00

Event: 2019 Assembly Summer

VOD

Have the link to the VOD?

Description

Time

  • Played on: Aug. 1, 2019, 6:19 a.m.
  • Length: 12:45

All games in this series

Show
View Real Time Build Order
Export as new Build Order

soO Zerg 

Build Orders: Hatch First, Roach Hydra 

Get SALT Encoding   

  12  0:00  Drone  
  13  0:12  Overlord  
  13  0:17  Drone  
  14  0:30  Drone x2  
  16  0:47  Hatchery  
  15  0:51  Drone  
  15  0:54  Drone  
  17  0:57  Drone  
  18  1:08  Extractor  
  17  1:15  Spawning Pool  
  16  1:18  Drone  
  16  1:22  Drone  
  18  1:28  Drone  
  19  1:39  Drone  
  20  1:50  Drone  
  21  1:54  Hatchery  
  21  1:59  Drone  
  21  2:07  Queen  
  23  2:12  Drone  
  23  2:14  Drone  
  25  2:19  Overlord  
  25  2:28  Queen  
  27  2:31  Zergling x2  
  27  2:36  Metabolic Boost  
  28  2:38  Zergling x2  
  28  2:40  Zergling x2  
  28  2:43  Drone  
  31  2:47  Drone  
  32  2:54  Drone  
  32  2:56  Queen  
  35  2:59  Zergling x2  
  36  3:10  Zergling x4  
  37  3:13  Drone x2  
  37  3:16  Drone x2  
  37  3:18  Overlord  
  41  3:25  Overlord  
  41  3:36  Queen  
  41  3:41  Drone x4  
  47  3:45  Lair  
  47  3:46  Drone x2  
  49  3:50  Roach Warren  
  49  3:51  Drone  
  49  3:52  Drone  
  51  3:55  Drone  
  51  3:57  Drone  
  51  3:59  Drone  
  51  4:01  Drone  
  54  4:03  Extractor  
  54  4:04  Extractor  
  54  4:05  Drone  
  54  4:06  Drone  
  54  4:10  Drone  
  54  4:15  Drone  
  56  4:17  Overlord  
  56  4:19  Zergling x2  
  56  4:20  Overlord  
  56  4:22  Overlord  
  57  4:27  Overlord  
  57  4:34  Spore Crawler  
  57  4:36  Roach x3  
  62  4:42  Overseer  
  62  4:44  Glial Reconstitution  
  62  4:46  Roach  
  62  4:48  Drone  
  62  4:49  Drone  
  62  4:51  Drone  
  62  4:52  Drone  
  68  4:55  Drone x2  
  68  4:57  Drone x2  
  71  5:00  Drone x3  
  71  5:09  Drone  
  71  5:10  Drone x2  
  73  5:15  Drone x2  
  73  5:16  Drone  
  76  5:25  Drone x2  
  76  5:26  Drone  
  77  5:28  Drone  
  77  5:29  Drone x2  
  77  5:30  Drone x2  
  77  5:31  Drone  
  77  5:34  Hydralisk Den  
  82  5:37  Overlord  
  82  5:43  Extractor x2  
  82  5:46  Roach x2  
  82  5:48  Roach  
  88  5:50  Roach  
  88  5:51  Roach  
  90  5:58  Roach  
  90  6:01  Roach  
  94  6:05  Overlord x2  
  94  6:10  Overlord  
  94  6:12  Overlord  
  94  6:17  Overlord  
  94  6:21  Grooved Spines  
  94  6:23  Hydralisk x6  
  106  6:28  Hydralisk x2  
  109  6:44  Spore Crawler  
  105  6:54  Drone  
  105  6:55  Drone  
  105  6:58  Roach x11  
  129  7:04  Overlord  
  129  7:07  Overlord  
  129  7:13  Hatchery  
  129  7:14  Roach x2  
  130  7:15  Overlord  
  130  7:20  Overlord  
  130  7:22  Overlord  
  130  7:24  Roach x4  
  138  7:34  Roach x3  
  144  7:40  Roach x6  
  144  7:43  Ravager x3  
  159  7:45  Roach  
  159  7:48  Roach x2  
  165  7:56  Roach x2  
  165  7:57  Overlord  
  169  8:01  Overlord  
  169  8:04  Overlord  
  169  8:05  Ravager  
  170  8:07  Muscular Augments  
  170  8:09  Overlord  
  170  8:15  Roach x2, Zergling x4  
  170  8:16  Zergling x4  
  170  8:18  Roach  
  170  8:19  Roach  
  167  8:21  Zergling x2  
  167  8:23  Roach x2  
  167  8:26  Roach x2  
  169  8:33  Roach x3  
  161  8:40  Roach  
  161  8:41  Roach, Zergling x12  
  155  8:43  Roach  
  126  8:49  Roach  
  126  8:50  Roach  
  126  8:55  Roach x2  
  118  8:56  Roach x3  
  121  9:05  Hydralisk x6  
  121  9:08  Drone x2  
  135  9:15  Evolution Chamber  
  136  9:21  Drone x3  
  136  9:22  Drone  
  140  9:24  Baneling Nest  
  140  9:27  Drone x2  
  140  9:28  Hydralisk  
  140  9:30  Overseer  
  143  9:35  Hydralisk x4  
  143  9:36  Zergling x2  
  152  9:38  Drone x2  
  152  9:39  Drone  
  152  9:42  Zerg Missile Weapons Level 1  
  155  9:49  Overseer  
  155  9:50  Zergling x12  
  159  9:53  Zergling x6  
  159  9:56  Queen  
  164  10:00  Zergling x12  
  170  10:09  Centrifical Hooks  
  170  10:11  Baneling x4  
  170  10:12  Baneling x4  
  170  10:15  Zergling x14  
  170  10:18  Baneling x5  
  170  10:21  Zergling x8  
  181  10:28  Baneling x5  
  181  10:29  Zergling x12  
  183  10:36  Hydralisk  
  183  10:37  Hydralisk, Zergling x2  
  183  10:38  Zergling x6  
  183  10:41  Overlord  
  189  10:49  Zergling x6  
  176  10:53  Overseer, Zergling x2  
  164  11:01  Hydralisk x2  
  164  11:02  Hydralisk, Zergling x2  
  156  11:05  Zergling x4  
  156  11:07  Zergling x6  
  145  11:12  Zergling x18  
  145  11:17  Hydralisk x2  
  135  11:18  Hydralisk  
  135  11:19  Hydralisk  
  135  11:24  Hydralisk  
  127  11:27  Hydralisk x2  
  127  11:28  Zergling x4  
  127  11:31  Baneling x7  
  133  11:34  Zergling x4  
  135  11:44  Hydralisk x4  
  124  11:49  Hydralisk, Zergling x2  
  124  11:51  Zergling x2  
  124  11:52  Zergling x2  
  108  11:59  Zergling x2  
  108  12:00  Hydralisk  
  87  12:01  Hydralisk  
  87  12:04  Hydralisk  
  77  12:10  Hydralisk  
  77  12:14  Hydralisk  
  77  12:15  Hydralisk, Zergling x2  
  72  12:26  Zergling x4  
Show
View Real Time Build Order
Export as new Build Order

OGZest Protoss - Winner!

Build Orders: 1 Gate Expand, Archon Immortal, Archon Drop, Dark Templar Rush 

Get SALT Encoding   

  12  0:00  Probe  
  13  0:12  Probe  
  14  0:18  Pylon  
  14  0:24  Probe  
  15  0:32  Probe  
  15  0:39  Gateway  
  15  0:40  Probe  
  16  0:49  Assimilator  
  17  0:51  Probe  
  18  1:03  Probe  
  19  1:15  Probe  
  20  1:26  Cybernetics Core  
  20  1:35  Nexus  
  20  1:39  Probe  
  21  1:45  Pylon  
  21  1:51  Probe  
  21  1:53  Adept  
  22  1:54  Assimilator  
  22  2:03  Probe  
  22  2:05  Warp Gate  
  25  2:13  Adept  
  25  2:15  Probe  
  26  2:27  Probe  
  26  2:29  Twilight Council  
  29  2:39  Probe  
  30  2:46  Stalker  
  32  2:52  Probe x2  
  32  2:58  Robotics Facility  
  34  3:04  Probe  
  34  3:05  Probe  
  36  3:16  Probe  
  36  3:17  Probe  
  38  3:25  Dark Shrine  
  38  3:29  Gateway  
  38  3:34  Probe x2  
  38  3:37  Warp Prism  
  38  3:39  Gateway  
  38  3:40  Gateway  
  42  3:51  Probe  
  42  3:52  Probe  
  44  3:57  Pylon  
  44  4:00  Assimilator  
  44  4:03  Assimilator  
  44  4:04  Probe  
  44  4:06  Probe  
  46  4:10  Pylon  
  46  4:16  Probe  
  47  4:18  Probe  
  48  4:28  Probe  
  48  4:30  Probe  
  50  4:40  Probe  
  50  4:41  Dark Templar x3, Pylon  
  50  4:42  Dark Templar, Probe  
  50  4:44  Observer  
  61  4:53  Pylon  
  55  5:03  Immortal  
  58  5:15  Dark Templar  
  60  5:27  Probe x2  
  62  5:32  Observer  
  62  5:33  Charge  
  62  5:36  Dark Templar  
  62  5:38  Archon  
  62  5:40  Archon  
  62  5:42  Nexus  
  64  5:44  Pylon  
  64  5:45  Immortal, Shield Battery  
  64  5:46  Adept x2  
  72  6:12  Sentry x3  
  72  6:13  Probe x2  
  80  6:20  Immortal  
  80  6:23  Gateway  
  80  6:24  Gateway  
  80  6:25  Gateway  
  80  6:27  Gateway  
  84  6:33  Probe x2  
  84  6:37  Pylon  
  86  6:47  Immortal  
  86  6:50  Probe  
  86  6:51  Probe  
  88  7:02  Probe  
  88  7:05  Probe x2  
  88  7:07  Robotics Facility  
  91  7:09  Forge  
  91  7:14  Probe  
  92  7:18  Probe x2  
  92  7:22  Immortal  
  94  7:26  Probe  
  94  7:27  Pylon  
  99  7:30  Probe x2  
  99  7:31  Shield Battery  
  101  7:38  Protoss Ground Weapons Level 1, Probe  
  101  7:42  Probe x2  
  104  7:45  Immortal  
  104  7:47  Photon Cannon x2  
  104  7:49  Pylon  
  104  7:50  Probe  
  105  7:51  Assimilator  
  105  7:53  Immortal  
  113  8:06  Assimilator  
  113  8:09  Sentry x4  
  113  8:10  Zealot x3, Sentry  
  109  8:27  Immortal  
  110  8:37  Zealot x3  
  100  8:42  Zealot x2  
  100  8:43  Zealot x3  
  104  8:51  Immortal  
  104  8:57  Blink  
  102  9:06  Sentry x4  
  102  9:07  Warp Prism, Sentry x2  
  112  9:16  Photon Cannon  
  112  9:18  Shield Battery  
  112  9:21  Immortal  
  112  9:25  Pylon  
  112  9:26  Pylon  
  112  9:27  Pylon  
  112  9:29  Pylon  
  116  9:33  Observer  
  116  9:37  Pylon  
  116  9:45  Sentry x2  
  116  9:46  Zealot x2, Sentry  
  116  9:51  Zealot x3  
  132  10:00  Pylon  
  132  10:01  Pylon  
  132  10:03  Pylon  
  132  10:15  Dark Templar x3  
  132  10:16  Dark Templar, Zealot x2  
  132  10:17  Zealot x2  
  132  10:19  Archon  
  148  10:30  Nexus, Pylon  
  148  10:39  Stalker x4  
  154  10:49  Sentry x2  
  137  11:00  Zealot x2  
  123  11:05  Zealot x2  
  123  11:09  Zealot  
  123  11:15  Zealot x3  
  123  11:17  Immortal  
  115  11:20  Zealot x2  
  115  11:27  Zealot x2  
  115  11:32  Dark Templar x3  
  121  11:37  Zealot x3  
  127  11:47  Archon  
  123  11:50  Immortal  
  113  11:56  Zealot  
  113  11:57  Zealot  
  113  12:01  Zealot  
  109  12:05  Zealot x5  
  105  12:22  Zealot x3  
  113  12:28  Dark Templar x4  
  125  12:34  Archon x2  
  125  12:35  Sentry  
  125  12:44  Sentry  
Tags
 
Add a new tag
Caveats
  • Supply blocks, unpowered buildings, or Contaminate may cause inaccurate times.
  • Supply counts are checked every 10 seconds.